 Dungeon Crawl Stone Soup version 0.28-a0-1404-g4df0f3684d (webtiles) character file.

Game seed: 8019229763562154467

328 southernslant the Ducker (level 6, -4/48 HPs)
             Began as a Merfolk Gladiator on Jan 6, 2022.
             Slain by a black bear (8 damage)
             ... on level 5 of the Dungeon.
             The game lasted 00:15:40 (3811 turns).

southernslant the Ducker (Merfolk Gladiator)        Turns: 3811, Time: 00:15:40

Health: -4/48      AC:  4    Str: 14    XL:     6   Next: 50%
Magic:  6/6        EV: 14    Int:  8    God:
Gold:   144        SH:  0    Dex: 17    Spells: 5/5 levels left

rFire   . . .      SeeInvis .   a - +0 trident
rCold   . . .      Faith    .   (no shield)
rNeg    . . .      Spirit   .   b - +0 leather armour
rPois   .          Reflect  .   c - +0 helmet
rElec   .          Harm     .   (no cloak)
rCorr   .          Rampage  .   (no gloves)
Will    .....                   (no boots)
Stlth   ++........              (no amulet)
HPRegen 0.16/turn               (no ring)
MPRegen 0.10/turn               (no ring)

@: no status effects
A: (nimble swimmer 2), mertail
a: no special abilities


You were on level 5 of the Dungeon.
You visited 1 branch of the dungeon, and saw 5 of its levels.

You collected 144 gold pieces.

Inventory:

Hand Weapons
 a - a +0 trident (weapon)
 i - a +2 flail of protection
Missiles
 d - 3 throwing nets
 h - 55 stones (quivered)
 k - 4 javelins
Armour
 b - a +0 leather armour (worn)
 c - a +0 helmet (worn)
 j - a +0 ring mail
Jewellery
 l - a ring of flight
Scrolls
 e - a scroll of silence {unknown}
 f - 3 scrolls of noise {unknown}
 g - a scroll of brand weapon {unknown}
 m - a scroll of magic mapping {unknown}
 n - a scroll of fog {unknown}
 o - a scroll of identify {unknown}
 p - a scroll of vulnerability {unknown}
Potions
 q - a potion of invisibility {unknown}


   Skills:
 * Level 4.2 Fighting
 + Level 5.5 Polearms
 + Level 2.9 Throwing
 * Level 1.7 Armour
 * Level 5.7 Dodging
 + Level 1.3 Stealth


You had 5 spell levels left.
You didn't know any spells.
Your spell library contained the following spells:

 Spells                   Type           Power      Damage    Failure   Level
 Sublimation of Blood     Necr           0%         N/A       63%         2
 Wereblood                Tmut           0%         N/A       63%         2
 Ignite Poison            Fire/Tmut/Pois 0%         N/A       85%         3
 Mephitic Cloud           Conj/Pois/Air  0%         N/A       85%         3
 Freezing Cloud           Conj/Ice/Air   0%         6-21      100%        5
 Summon Hydra             Summ           0%         N/A       100%        7


Dungeon Overview and Level Annotations

Branches:
Dungeon (5/15)
 Temple: D:4-7

Altars:
Wu Jian

Shops:
D:1 [   D:2 ?


Innate Abilities, Weirdness & Mutations

((You are very nimble when in or above water. (Stealth+, EV+, Speed+++)))
Your lower body shifts to a powerful aquatic tail in water.


Message History

The black bear is moderately wounded.
The black bear bites you. The black bear barely misses you.
The black bear closely misses you.
You barely miss the black bear.
The black bear is moderately wounded.
The black bear bites you! The black bear claws you. x2
You hit the black bear.
The black bear is heavily wounded.
The black bear bites you but does no damage.
The black bear completely misses you. The black bear barely misses you.
You hit the black bear.
The black bear is heavily wounded.
The black bear bites you! The black bear completely misses you.
The black bear misses you.
You barely miss the black bear.
The black bear is heavily wounded.
The black bear misses you. The black bear closely misses you.
The black bear claws you but does no damage.
You hit the black bear.
The black bear is severely wounded.
The black bear closely misses you.
The black bear claws you but does no damage.
The black bear closely misses you.
You hit the black bear but do no damage.
The black bear is severely wounded.
The black bear bites you!
* * * LOW HITPOINT WARNING * * *
The black bear closely misses you. The black bear barely misses you.
You hit the black bear.
The black bear is almost dead.
The black bear bites you.
* * * LOW HITPOINT WARNING * * *
The black bear misses you. x2
You closely miss the black bear.
The black bear is almost dead.
The black bear goes berserk!
You hit the black bear.
The black bear is almost dead.
The black bear bites you!
You die...

..... ....
.... ...##
...###....#
.........# .
........
...###.!...
#........#.#
#....)@>..#
.......)h###
...#.....# .
.......#
#........#
#..###....
... ##.## ..
#.#


You could see a black bear (berserk).

Vanquished Creatures
  A scorpion (D:4)
  2 hounds (D:4)
  An orc priest (D:4)
  A centaur skeleton (D:3)
  7 adders
  2 worms (D:3)
  An adder skeleton (D:4)
  3 dart slugs
  8 orcs
  5 endoplasms
  7 goblins
  4 hobgoblins
  2 jackals (D:2)
  5 kobolds
  A quokka (D:4)
  3 ball pythons
  4 bats
  2 frilled lizards (D:1)
  5 rats
64 creatures vanquished.

Vanquished Creatures (others)
  An orc wizard (D:4)
1 creature vanquished.

Grand Total: 65 creatures vanquished

Notes
Turn   | Place    | Note
-------+----------+-------------------------------------------
     0 | D:1      | southernslant the Merfolk Gladiator began the quest for the
                  | Orb.
     0 | D:1      | Reached XP level 1. HP: 16/16 MP: 1/1
   319 | D:1      | Reached XP level 2. HP: 23/23 MP: 2/2
   327 | D:1      | Found Plog's Armour Shop.
   911 | D:2      | Reached XP level 3. HP: 26/28 MP: 3/3
  1149 | D:2      | Found Yjeoddos's Magic Scroll Emporium.
  1162 | D:2      | Reached XP level 4. HP: 30/35 MP: 4/4
  1469 | D:2      | Found a faded altar of an unknown god.
  1838 | D:3      | Reached skill level 5 in Polearms
  1838 | D:3      | Reached skill level 5 in Dodging
  2016 | D:3      | Found an ornate altar of the Wu Jian Council.
  2071 | D:3      | Reached XP level 5. HP: 41/41 MP: 5/5
  2542 | D:4      | Reached skill level 1 in Armour
  3038 | D:4      | HP: 1/42 [something (5)]
  3070 | D:4      | Reached XP level 6. HP: 29/48 MP: 6/6
  3355 | D:4      | Reached skill level 1 in Stealth
  3554 | D:5      | Entered Level 5 of the Dungeon
  3559 | D:5      | Noticed a black bear
  3811 | D:5      | Slain by a black bear

Illustrated notes

Levels and vault maps discovered:
D:1:      minmay_arrival_cross, layout_loops_corners, serial_shops,
          nicolae_diamond_shop, st_stairs_5, minmay_stone_trees_small
D:2:      layout_loops_cross, shapermc_ecumenical_altar_notcrosses,
          serial_shops, nicolae_shop_behind_doors
D:3:      layout_loops_ring, mainiacjoe_overflow_surrounded_room
D:4:      layout_cave_pools, grunt_ministairs_4, grunt_decor_cap
D:5:      layout_cave_pools, nicolae_ossuary_entry_giza

Skill      XL: |  1  2  3  4  5  6 |
---------------+-------------------+-----
Fighting       | 3 4 |  4.2
Polearms       | 5 |  5.5
Dodging        | 5 |  5.7
Armour         | 1 |  1.7
Stealth        | 1 |  1.3
Throwing       | |  2.9

Action                   |  1- 3 |  4- 6 || total
-------------------------+-------+-------++-------
Melee: Trident           |    70 |   162 ||   232
       Punch             |       |     5 ||     5
       Tailslap          |       |     5 ||     5
Throw: Stone             |       |    38 ||    38
  Use: Potion            |       |     2 ||     2
 Stab: Sleeping          |     1 |     1 ||     2
Armor: Leather armour    |     8 |    27 ||    35
Dodge: Dodged            |    33 |    81 ||   114

Table legend: (Time is in decaauts)
 A = Elapsed time spent in this place.
 B = Non-inter-level travel time spent in this place.
 C = Inter-level travel time spent in this place.
 D = Time resting spent in this place.
 E = Time spent auto-exploring this place.
 F = Levels seen in this place.
 G = Mean time per level.
                   A        B        C        D        E       F      G
               +--------+--------+--------+--------+--------+-----+--------+
         Total |   3786 |   3786 |      0 |      0 |   2415 |   5 |  757.2 |
       Dungeon |   3786 |   3786 |      0 |      0 |   2415 |   5 |  757.2 |
               +--------+--------+--------+--------+--------+-----+--------+

Top non-repeatable levels by time:
     D:4: 1323 daAuts
     D:1: 904 daAuts
     D:2: 831 daAuts
     D:3: 705 daAuts
     D:5: 21 daAuts
